 Dungeon Crawl Stone Soup version 0.26-a0-541-g3b3d21e777 (webtiles) character file.

Game seed: 8482882550404812449

120 BeastOfSaturn the Skirmisher (level 4, -1/37 HPs)
             Began as a Demonspawn Fighter on Aug 16, 2020.
             Killed by divine providence
             ... invoked by an orc priest
              (12 damage)
             ... on level 3 of the Dungeon.
             The game lasted 00:02:32 (2177 turns).

BeastOfSaturn the Skirmisher (Demonspawn Fighter)   Turns: 2177, Time: 00:02:32

Health: -1/37      AC:  8    Str: 16    XL:     4   Next: 75%
Magic:  4/4        EV:  7    Int: 11    God:
Gold:   129        SH:  8    Dex: 12    Spells: 3/3 levels left

rFire    . . .     SeeInvis .   a - +0 long sword
rCold    . . .     Faith    .   c - +0 kite shield
rNeg     . . .     Spirit   .   b - +0 scale mail
rPois    .         Reflect  .   l - +0 helmet
rElec    .         Harm     .   (no cloak)
rCorr    .                      (no gloves)
MR       .....                  e - +0 pair of boots (curse)
Stlth    ..........             (no amulet)
HPRegen  0.12/turn              (no ring)
MPRegen  0.09/turn              (no ring)

@: no status effects
A: demonic guardian 1, rot immunity
a: no special abilities


You were on level 3 of the Dungeon.
You visited 1 branch of the dungeon, and saw 3 of its levels.

You collected 129 gold pieces.

Inventory:

Hand Weapons
 a - a +0 long sword (weapon)
Armour
 b - a +0 scale mail (worn)
 c - a +0 kite shield (worn)
 e - a cursed +0 pair of boots (worn)
 l - a +0 helmet (worn)
Scrolls
 g - a scroll of magic mapping {unknown}
 h - 3 scrolls of identify
 i - a scroll of teleportation {unknown}
 j - a scroll of remove curse {unknown}
Potions
 d - a potion of might
 k - a potion of berserk rage


   Skills:
 * Level 4.0 Fighting
 * Level 3.4 Long Blades
 - Level 2.6 Armour
 * Level 1.3 Dodging
 - Level 2.6 Shields


You had 3 spell levels left.
You didn't know any spells.
Your spell library was empty.

Dungeon Overview and Level Annotations

Branches:
Dungeon (3/15)

Altars:
Elyvilon
Kikubaaqudgha


Innate Abilities, Weirdness & Mutations

A weak demonic guardian rushes to your aid.
You are immune to rotting.


Message History

The orc throws a stone.
The stone hits you but does no damage. Something barely misses your white imp.
You miss something.
Your white imp disappears in a puff of smoke!
Something hits you but does no damage.
Your iron imp barely misses the orc priest.
You hit the orc but do no damage.
Your iron imp barely misses the orc priest.
The orc hits you but does no damage.
You barely miss the orc.
Your iron imp barely misses the orc priest.
You barely miss the orc. You block the orc's attack.
Something barely misses your iron imp.
Your iron imp barely misses something.
The orc hits you but does no damage.
You hit the orc but do no damage.
Your iron imp disappears in a puff of smoke!
You block the orc's attack. Something hits you but does no damage.
The orc priest mumbles some strange prayers to Beogh against you.
Beogh smites you!
You die...

## .#.# #$. ##...#
... .....# ###.##
#....##
#.....##.....
.......#..(#
.......#)..#####
..._.o§†o..?....
.......#@.########
.....^.#..# #...#
#.....##..####.#.#
###.## #....##.#.#
........##.##.#<#
###########.##.###
#.##.# #....#
#.####


You could see an orc priest and an orc.

Vanquished Creatures
  4 adders (D:2)
  An ooze (D:2)
  3 leopard geckos
  A giant cockroach (D:1)
  6 goblins
  5 hobgoblins
  3 jackals (D:2)
  A quokka (D:2)
  4 ball pythons
  8 bats
  3 frilled lizards
  6 kobolds
  8 rats
53 creatures vanquished.

Vanquished Creatures (collateral kills)
  An orc priest (D:3)
  A hobgoblin (D:3)
2 creatures vanquished.

Grand Total: 55 creatures vanquished

Notes
Turn   | Place    | Note
-------+----------+-------------------------------------------
     0 | D:1      | BeastOfSaturn the Demonspawn Fighter began the quest for
                  | the Orb.
     0 | D:1      | Reached XP level 1. HP: 18/18 MP: 1/1
   321 | D:1      | Gained mutation: You are immune to rotting. [demonic
                  | ancestry]
   321 | D:1      | Reached XP level 2. HP: 15/24 MP: 2/2
  1011 | D:2      | Gained mutation: A weak demonic guardian rushes to your
                  | aid. [demonic ancestry]
  1011 | D:2      | Reached XP level 3. HP: 30/30 MP: 3/3
  1101 | D:2      | Reached skill level 1 in Dodging
  1296 | D:2      | Found a white marble altar of Elyvilon.
  1318 | D:2      | Reached XP level 4. HP: 26/37 MP: 4/4
  2156 | D:3      | Found an ancient bone altar of Kikubaaqudgha.
  2165 | D:3      | Reached skill level 4 in Fighting
  2177 | D:3      | Killed from afar by an orc priest

Illustrated notes

Levels and vault maps discovered:
D:1:      erik_arrival_triangle_large, layout_basic
D:2:      layout_basic, elyvilon_altar_4, minivault_14, minmay_box_of_dots
D:3:      layout_basic, old_standard_altar, st_stairs_9

Skill      XL: |  1  2  3  4 |
---------------+-------------+-----
Long Blades    | 2 3 |  3.4
Dodging        | 1 |  1.3
Fighting       | 4 |  4.0
Armour         | |  2.6
Shields        | |  2.6

Action                   |  1- 3 |  4- 6 || total
-------------------------+-------+-------++-------
Melee: Long sword        |   112 |    47 ||   159
  Use: Scroll            |       |     2 ||     2
Armor: Scale mail        |    74 |    33 ||   107
Dodge: Dodged            |    37 |     8 ||    45
Block: Kite shield       |    73 |    18 ||    91
       Rpst.: Long sword |    14 |     2 ||    16

Table legend: (Time is in decaauts)
 A = Elapsed time spent in this place.
 B = Non-inter-level travel time spent in this place.
 C = Inter-level travel time spent in this place.
 D = Time resting spent in this place.
 E = Time spent auto-exploring this place.
 F = Levels seen in this place.
 G = Mean time per level.
                   A        B        C        D        E       F      G
               +--------+--------+--------+--------+--------+-----+--------+
         Total |   2235 |   2211 |     24 |    264 |   1580 |   3 |  745.0 |
       Dungeon |   2235 |   2211 |     24 |    264 |   1580 |   3 |  745.0 |
               +--------+--------+--------+--------+--------+-----+--------+

Top non-repeatable levels by time:
     D:2: 1168 daAuts
     D:1: 1020 daAuts
     D:3: 45 daAuts
